 Dungeon Crawl Stone Soup version 0.30-b1-2-g02819fbbbe (webtiles) character file.

Game seed: 3080164108462350057

26 LLlMATKO the Chopper (level 2, 0/40 HPs)
             Began as a Minotaur Berserker on Aug 23, 2023.
             Was a Follower of Trog.
             Succumbed to Sigmund's poison
             ... on level 2 of the Dungeon.
             The game lasted 00:00:37 (609 turns).

LLlMATKO the Chopper (Minotaur Berserker)            Turns: 609, Time: 00:00:38

Health: 0/40       AC:  3    Str: 21    XL:     2   Next: 89%
Magic:  1/1        EV: 12    Int:  4    God:    Trog [*.....]
Gold:   54         SH:  0    Dex:  9    Spells: 1/1 levels left

rFire   . . .        a - +0 hand axe
rCold   . . .        (no shield)
rNeg    . . .        b - +0 animal skin
rPois   .            (helmet restricted)
rElec   .            (no cloak)
rCorr   .            (no gloves)
SInv    +            o - +0 pair of boots
Will    .....        (no amulet) Stlth
                     h - ring of see invisible
HPRegen 0.26/turn    (no ring)
MPRegen 0.07/turn

%: no passive effects
@: berserking, lethally poisoned (0 -> -10), very quick
A: horns 2, retaliatory headbutt
a: Renounce Religion, Berserk


You were on level 2 of the Dungeon.
You worshipped Trog.
Trog was aware of your devotion.
You visited 1 branch of the dungeon, and saw 2 of its levels.

You collected 54 gold pieces.

Inventory:

Hand Weapons
 a - a +0 hand axe (weapon)
Missiles
 c - 4 atropa-tipped darts (quivered)
 f - 4 poisoned darts
Armour
 b - a +0 animal skin (worn)
 o - a +0 pair of boots (worn)
Jewellery
 h - a ring of see invisible (left hand)
Scrolls
 i - 2 scrolls of vulnerability {unknown}
 j - a scroll of blinking {unknown}
 k - a scroll of identify {unknown}
 m - a scroll of teleportation {unknown}
 n - a scroll of fog {unknown}
Potions
 d - a potion of ambrosia {unknown}
 e - 2 potions of might {unknown}
 g - a potion of flight {unknown}
 l - a potion of curing {unknown}


   Skills:
 + Level 4.0 Fighting
 + Level 4.0 Axes
 + Level 3.0 Armour
 + Level 2.6 Dodging


You had one spell level left.
You didn't know any spells.
Your spell library was empty.

Dungeon Overview and Level Annotations

Branches:
Dungeon (2/15)

Altars:

Annotations:
D:2 Sigmund


Innate Abilities, Weirdness & Mutations

You have a pair of horns on your head.
You reflexively headbutt those who attack you in melee.


Message History

You continue putting on your +0 pair of boots. x4
You finish putting on your +0 pair of boots.
There is an open door here.
You see here 5 stones.
Sigmund the Dreaded comes into view.
He is wielding a +2 scythe of venom and wearing a +2 robe of fire resistance.
Sigmund drinks a potion.
Sigmund suddenly seems more resistant.
Sigmund is nearby!
Sigmund misses you.
Sigmund is nearby!
Sigmund is nearby!
You closely miss Sigmund. Your headbutt misses Sigmund.
Sigmund points at you and mumbles some strange words.
You resist with significant effort.
You fail to use your ability.
Sigmund hits you with a +2 scythe of venom.
You are poisoned.
You closely miss Sigmund. Your headbutt misses Sigmund.
You feel very sick.
Sigmund hits you with a +2 scythe of venom.
You are lethally poisoned!
Unknown command.
You are too injured to fight recklessly!
You are too injured to fight recklessly!
Unknown command.
You are too injured to fight recklessly!
Unknown command.
You are too injured to fight recklessly!
A red film seems to cover your vision as you go berserk!
You feel yourself moving faster!
You feel mighty!
You feel very sick.
You barely miss Sigmund.
* * * LOW HITPOINT WARNING * * *
You feel very sick. Sigmund casts a spell at you. The puff of flame hits you!
* * * LOW HITPOINT WARNING * * *
Unknown command.
You slash Sigmund!
Sigmund is moderately wounded.
You die...

#........#
#.##.....#
#<#......#
###.#..###
.#.##.######
###.#.##(#....#
#.. #.##.#....#
#@# #.##.'....#
#@# #.####....#
#.# #.# #....#
#.###.# #....##
#.....# #.....###
##########........
#............###.
#.........#### ##
#.........#
###########


You could see Sigmund (resistant).

Vanquished Creatures
  A dart slug (D:2)
  4 ball pythons
  A bat (D:2)
  3 endoplasms
  5 goblins (D:1)
  2 hobgoblins
  A frilled lizard (D:2)
  2 kobolds
  3 rats
22 creatures vanquished.

Notes
Turn   | Place    | Note
-------+----------+-------------------------------------------
     0 | D:1      | LLlMATKO the Minotaur Berserker began the quest for the
                  | Orb.
     0 | D:1      | Reached XP level 1. HP: 19/19 MP: 0/0
   112 | D:1      | Reached XP level 2. HP: 25/27 MP: 1/1
   300 | D:1      | You fall into a shaft and drop 1 floor!
   600 | D:2      | Noticed Sigmund
   608 | D:2      | HP: 2/40 [Sigmund/puff of flame (9)]
   609 | D:2      | Succumbed to Sigmund's poison

Illustrated notes

Levels and vault maps discovered:
D:1:      lightli_arrival_maybe_door_vault, layout_basic
D:2:      layout_basic, kennysheep_generic_room_7, uniq_sigmund

Skill      XL: |  1  2 |
---------------+-------+-----
Axes           | 4 |  4.0
Fighting       | 4 |  4.0
Armour         | 3 |  3.0
Dodging        | |  2.6

Action                     || total
---------------------------++-------
  Melee: Hand axe          ||    42
         Headbutt          ||     6
 Invoke: Berserk           ||     2
 Armour: Animal skin       ||     5
  Dodge: Dodged            ||    22
